 Dungeon Crawl Stone Soup version 0.28-a0-655-g4eb62b627b (webtiles) character file.

Game seed: 16370143789366874768

118 bande the Skirmisher (level 5, 0/33 HPs)
             Began as a Gargoyle Fighter on Oct 13, 2021.
             Slain by an orc (7 damage)
             ... on level 3 of the Dungeon.
             The game lasted 00:03:29 (1625 turns).

bande the Skirmisher (Gargoyle Fighter)             Turns: 1625, Time: 00:03:30

Health: 0/33       AC: 13    Str: 20    XL:     5   Next: 2%
Magic:  5/5        EV:  9    Int:  9    God:
Gold:   79         SH:  4    Dex:  9    Spells: 4/4 levels left

rFire   . . .      SeeInvis .   a - +1 war axe
rCold   . . .      Faith    .   c - +0 buckler
rNeg    + . .      Spirit   .   b - +0 scale mail
rPois   ∞          Reflect  .   g - +2 hat
rElec   +          Harm     .   (no cloak)
rCorr   .          Rampage  .   (no gloves)
Will    .....                   (no boots)
Stlth   ..........              h - amulet of regeneration
HPRegen 1.11/turn               j - ring of flight
MPRegen 0.09/turn               (no ring)

@: mighty, flying
A: sickness immunity, AC +4, negative energy resistance 1, electricity
resistance, torment resistance 1, petrification resistance
a: no special abilities


You were on level 3 of the Dungeon.
You visited 1 branch of the dungeon, and saw 3 of its levels.

You collected 79 gold pieces.

Inventory:

Hand Weapons
 a - a +1 war axe (weapon)
 l - a +0 flail
Armour
 b - a +0 scale mail (worn)
 c - a +0 buckler (worn)
 g - a +2 hat (worn)
Jewellery
 h - an amulet of regeneration (around neck)
 j - a ring of flight (left hand)
Scrolls
 i - a scroll of teleportation
Potions
 d - a potion of might
 f - a potion of invisibility
 k - a potion of mutation {unknown}


   Skills:
 + Level 4.0 Fighting
 + Level 3.3 Axes
 + Level 3.8 Armour
 - Level 0.4 Dodging
 + Level 3.7 Shields


You had 4 spell levels left.
You didn't know any spells.
Your spell library contained the following spells:

 Spells                   Type           Power      Damage    Failure   Level
 Petrify                  Tmut/Erth      0%         N/A       100%        4
 Irradiate                Conj/Tmut      0%         3d13      100%        5
 Sublimation of Blood     Necr           Unusable   N/A       N/A         2

Dungeon Overview and Level Annotations

Branches:
Dungeon (3/15)

Altars:


Innate Abilities, Weirdness & Mutations

You are immune to sickness and miasma.
Your stone body is resilient. (AC +4)
You are immune to poison.
You resist negative energy. (rN+)
You are resistant to electric shocks. (rElec)
You are resistant to unholy torment.
You are immune to petrification.


Message History

The orc priest calls down the wrath of Beogh upon you.
Pain shoots through your body! The orc barely misses you.
A rat comes into view.
You feel very mighty all of a sudden. The orc priest hits you with a +0 club.
* * * LOW HITPOINT WARNING * * *
You block the orc's attack.
Unknown command.
You barely miss the orc priest.
The orc priest is lightly wounded.
You hit the orc.
The orc priest mumbles some strange prayers to Beogh against you.
You are unaffected.
You block the orc's attack.
Unknown command.
You closely miss the orc priest.
The orc priest is lightly wounded.
You barely miss the orc. The orc priest hits you with a +0 club.
* * * LOW HITPOINT WARNING * * *
The orc completely misses you.
Unknown command.
You slash the orc priest!
You kill the orc priest!
You barely miss the orc. The orc hits you but does no damage.
The orc hits you with a +0 trident.
* * * LOW HITPOINT WARNING * * *
Your Fighting skill increases to level 4!
You have reached level 5!
You barely miss the orc.
The orc is severely wounded.
The orc hits you but does no damage.
You barely miss the orc.
The orc is severely wounded.
You closely miss the rat. The rat bites you but does no damage.
The orc hits you but does no damage.
Unknown command.
You completely miss the orc.
The orc is severely wounded.
You closely miss the rat. The rat barely misses you.
The orc hits you with a +0 trident!
You die...

... #.# #..#..#
#.....# #...?.
#....#
#####....#
......)ro#
.......@)###.###
.####.#.....$...
# #..###.###
#.#....#
#......# ###
#..##...# . ...
#.. ##.## .##.#
#. #.# .##.# #.
###.###


You could see an orc and a rat.

Vanquished Creatures
  An orc priest (D:3)
  3 adders (D:2)
  A dart slug (D:2)
  2 worms (D:2)
  6 orcs (D:3)
  6 ball pythons
  5 bats
  4 endoplasms
  2 giant cockroaches (D:1)
  6 goblins
  4 hobgoblins
  A quokka (D:3)
  3 frilled lizards
  A kobold (D:1)
  3 rats (D:1)
48 creatures vanquished.

Vanquished Creatures (others)
  8 fungi (D:3)
  3 plants (D:3)
11 creatures vanquished.

Grand Total: 59 creatures vanquished

Notes
Turn   | Place    | Note
-------+----------+-------------------------------------------
     0 | D:1      | bande the Gargoyle Fighter began the quest for the Orb.
     0 | D:1      | Reached XP level 1. HP: 14/14 MP: 1/1
   169 | D:1      | Reached XP level 2. HP: 19/19 MP: 2/2
   529 | D:2      | Reached XP level 3. HP: 24/24 MP: 3/3
   996 | D:2      | Reached XP level 4. HP: 29/29 MP: 4/4
  1623 | D:3      | Reached skill level 4 in Fighting
  1623 | D:3      | Reached XP level 5. HP: 3/33 MP: 5/5
  1625 | D:3      | Slain by an orc

Illustrated notes

Levels and vault maps discovered:
D:1:      lemuel_arrival_rhombus, layout_basic
D:2:      layout_loops_ring, kennysheep_nondescript, st_stairs_7,
          hangedman_decor_riveting
D:3:      layout_loops_ring, shapermc_ecumenical_altar_hornbeckon,
          eino_tiny_chamber

Skill      XL: |  1  2  3  4 |
---------------+-------------+-----
Axes           | 2 3 |  3.3
Fighting       | 4 |  4.0
Armour         | |  3.8
Dodging        | |  0.4
Shields        | |  3.7

Action                   |  1- 3 |  4- 6 || total
-------------------------+-------+-------++-------
Melee: War axe           |   100 |    43 ||   143
  Use: Scroll            |     6 |     1 ||     7
       Potion            |       |     2 ||     2
Armor: Scale mail        |    75 |    35 ||   110
Dodge: Dodged            |    61 |    20 ||    81
Block: Buckler           |    30 |     9 ||    39

Table legend: (Time is in decaauts)
 A = Elapsed time spent in this place.
 B = Non-inter-level travel time spent in this place.
 C = Inter-level travel time spent in this place.
 D = Time resting spent in this place.
 E = Time spent auto-exploring this place.
 F = Levels seen in this place.
 G = Mean time per level.
                   A        B        C        D        E       F      G
               +--------+--------+--------+--------+--------+-----+--------+
         Total |   1679 |   1679 |      0 |    200 |   1032 |   3 |  559.7 |
       Dungeon |   1679 |   1679 |      0 |    200 |   1032 |   3 |  559.7 |
               +--------+--------+--------+--------+--------+-----+--------+

Top non-repeatable levels by time:
     D:2: 950 daAuts
     D:1: 499 daAuts
     D:3: 228 daAuts
